 Dungeon Crawl Stone Soup version 0.26-a0-946-g9485abf61d (webtiles) character file.

Game seed: 2782351551889996607

52690 PentaManta the Black Belt (level 14, -9/74 HPs)
             Began as a Vine Stalker Monk on Nov 28, 2020.
             Was the Champion of Dithmenos.
             Killed from afar by an ogre mage (35 damage)
             ... with a bolt of lightning
             ... on level 2 of the Orcish Mines.
             The game lasted 01:00:36 (19231 turns).

PentaManta the Black Belt (Vine Stalker Monk)      Turns: 19231, Time: 01:00:37

Health: -9/74      AC: 12    Str: 17    XL:     14   Next: 65%
Magic:  0/15       EV: 20    Int: 10    God:    Dithmenos [******]
Gold:   1529       SH: 12    Dex: 19    Spells: 13/13 levels left

rFire    . . .     SeeInvis .     - Unarmed
rCold    . . .     Faith    .   k - +0 kite shield {AC+3}
rNeg     . . .     Spirit   +   u - +2 ring mail {MR+}
rPois    .         Reflect  .   N - +0 helmet
rElec    .         Harm     .   e - +1 cloak
rCorr    +         Rampage  .   c - +0 pair of gloves
MR       ++...                  (no boots)
Stlth    +++++++...             (no amulet)
HPRegen  1.02/turn              A - ring of resist corrosion
MPRegen  0.14/turn              J - +4 ring of evasion (curse)

@: lethally poisoned (-9 -> -9), corroded, wreathed by umbra
A: fangs 3, regeneration 2, magic shield, antimagic bite, no potion heal 3, rot
immunity
a: Shadow Step, Shadow Form, Renounce Religion


You were on level 2 of the Orcish Mines.
You worshipped Dithmenos.
Dithmenos was exalted by your worship.
You visited 3 branches of the dungeon, and saw 18 of its levels.
You also visited: Bailey and Ice Cave.

You collected 1529 gold pieces.

Inventory:

Hand Weapons
 v - a +2 dagger of speed
 x - a +2 dagger of holy wrath
 R - a +1 dagger of freezing
 W - a +3 dagger
Missiles
 C - a throwing net
 D - 5 atropa-tipped darts (quivered)
 T - 13 poisoned darts
Armour
 c - a +0 pair of gloves (worn)
 e - a +1 cloak (worn)
 f - the +3 steam dragon scales of Okawaru's Delight {rPois MR+++ Int-2 Slay-2}
   (You found it in a bailey)

   It affects your intelligence (-2).
   It affects your accuracy and damage with ranged weapons and melee attacks
   (-2).
   It protects you from poison.
   It affects your resistance to hostile enchantments.
 g - a +0 chain mail
 k - a +0 kite shield of protection (worn)
 l - a +3 leather armour of poison resistance
 r - a +0 scale mail
 u - a +2 ring mail of magic resistance (worn)
 N - a +0 helmet (worn)
 S - a +2 plate armour of fire resistance
 U - a +0 troll leather armour
Jewellery
 m - an uncursed ring of protection from fire
 A - a ring of resist corrosion (left hand)
 I - an uncursed ring of protection from fire
 J - a cursed +4 ring of evasion (right hand)
 M - an uncursed ring of positive energy
 V - a +4 ring of protection {unknown}
Wands
 d - a wand of flame (18)
 p - a wand of random effects (38)
 G - a wand of enslavement (17)
 H - a wand of acid (13)
 P - a wand of paralysis (17)
 Q - a wand of disintegration (16)
Scrolls
 a - 9 scrolls of remove curse
 n - a scroll of fear
 q - 7 scrolls of identify
 w - 5 scrolls of teleportation
 y - 4 scrolls of blinking
 z - a scroll of fog
 E - 3 scrolls of enchant armour
 L - 2 scrolls of silence
Potions
 b - 9 potions of curing
 h - 4 potions of cancellation
 i - 2 potions of lignification
 j - 3 potions of flight
 o - a potion of mutation {unknown}
 s - a potion of ambrosia
 t - 3 potions of brilliance {unknown}
 B - 2 potions of invisibility
 F - a potion of berserk rage {unknown}
 K - 8 potions of haste
Miscellaneous
 O - a condenser vane


   Skills:
 + Level 8.5 Fighting
 + Level 7.2 Armour
 + Level 7.7 Dodging
 + Level 9.4 Stealth
 * Level 10.6 Shields
 * Level 15.2 Unarmed Combat


You had 13 spell levels left.
You didn't know any spells.
Your spell library contained the following spells:

 Spells                   Type           Power        Failure   Level
 Animate Skeleton         Necr           #.....       75%         1
 Apportation              Tloc           #.....       75%         1
 Corona                   Hex            #......      75%         1
 Pain                     Necr           #...         75%         1
 Shock                    Conj/Air       #...         75%         1
 Sting                    Tmut/Pois      #...         75%         1
 Summon Small Mammal      Summ           #...         75%         1
 Corpse Rot               Necr/Air       N/A          86%         2
 Poisonous Vapours        Pois/Air       #.....       86%         2
 Swiftness                Air            #.......     86%         2
 Ignite Poison            Fire/Tmut/Pois #.......     98%         3
 Mephitic Cloud           Conj/Pois/Air  #.......     98%         3
 Static Discharge         Conj/Air       #.......     98%         3
 Airstrike                Air            #.........   100%        4
 Dispel Undead            Necr           #.......     100%        4
 Olgreb's Toxic Radiance  Pois           #.......     100%        4
 Irradiate                Conj/Tmut      #.........   100%        5
 Lightning Bolt           Conj/Air       #.........   100%        5
 Conjure Ball Lightning   Conj/Air       #.........   100%        6
 Freezing Cloud           Conj/Ice/Air   #.........   100%        6
 Hydra Form               Tmut           #.........   100%        6
 Statue Form              Tmut/Erth      #........    100%        6
 Dragon Form              Tmut           #.........   100%        7


Dungeon Overview and Level Annotations

Branches:
Dungeon (15/15)            Temple (1/1) D:7            Lair (0/6) D:8
    Orc (2/2) D:9          Vaults (0/5) D:13         Depths (0/5) D:15
 Bailey (visited)           IceCv (visited)
    Elf: Orc:2

Altars:
Ashenzari
Cheibriados
Dithmenos
Elyvilon
Fedhas
Gozag
Hepliaklqana
Kikubaaqudgha
Makhleb
Nemelex Xobeh
Okawaru
Qazlal
Ru
Sif Muna
Trog
Uskayaw
Vehumet
Wu Jian
Xom
Yredelemnul
Zin
The Shining One

Shops:
D:4 (}   D:10 :   D:15 }

Portals:
Trove: D:11 (give 7 scrolls of fear)

Annotations:
D:14 exclusion: door
D:15 3 runed translucent doors, exclusions: fire giant, meliai and 1 more exclusion, RamboRex's ghost, journeyman MiBe
Orc:1 1 transporter


Innate Abilities, Weirdness & Mutations

You have razor-sharp teeth.
You heal very quickly.
When hurt, damage is shared between your health and your magic reserves.
Your bite disrupts and absorbs the magic of your enemies.
Potions cannot restore your health.
You are immune to rotting.


Message History

The ogre mage hits you but does no damage.
You are poisoned.
You block the sun demon's attack. The orc misses you.
You pummel the orc high priest!!
You kill the orc high priest!
Dithmenos accepts your kill.
The rust devil disappears in a puff of smoke!
The sun demon disappears in a puff of smoke!
The chaos spawn degenerates into a cloud of primal chaos!
The neqoxec disappears in a puff of smoke!
You feel sick. The orc warrior misses you. You block the ogre mage's attack.
You feel sick. You block the orc's attack. You block the ogre mage's attack.
The orc warrior misses you. The orc barely misses you.
There is a stone staircase leading up, spattered with blood here.
Okay, then.
You feel sick.
The ogre mage points at you and mumbles some strange words.
The bolt of lightning hits you!!!
You die...

#.......................
#.........#............
##............$..#.#.#.
...#.....................
.......<..............
....................#
................#..#.##
......$......O[[......#
.#..........To.@)....#
..........$.§.o.....##
...................##
o........§......$...#
........$.....$#
.........#.....#
..............##
.............##


You could see an ogre mage (fast), a troll, an orc warrior and an orc.

Vanquished Creatures
  Agnes (D:15)
  2 ogre magi (D:13)
  6 vault guards
  Erolcha (D:9)
  A catoblepas (D:15)
  3 hydras
  3 boulder beetles
  5 centaur warriors
  6 two-headed ogres
  A tengu warrior (D:15)
  2 orc high priests
  Nergalle (D:12)
  A deep elf knight (D:13)
  An unseen horror (D:13)
  3 skeletal warriors (D:13)
  A wizard (D:14)
  An oklob plant (D:12)
  An orc knight (Orc:1)
  4 ugly things
  2 deep elf magi
  2 manticores (D:13)
  4 cyclopes
  A centaur zombie (D:15)
  A molten gargoyle (D:14)
  2 gargoyles
  2 rime drakes (D:11)
  A tengu conjurer (D:14)
  12 trolls
  A polar bear (IceCv)
  Prince Ribbit (D:9)
  Grinder (D:3)
  2 hornets (D:12)
  3 shadows
  2 wyverns
  2 wraiths
  30 yaks
  Eustachio (D:3)
  A basilisk (D:13)
  4 vampire mosquitoes (D:12)
  4 wargs
  Grum (D:9)
  An acid dragon (D:12)
  A soldier ant (D:14)
  3 water moccasins
  A hornet zombie (D:6)
  4 ice beasts
  18 orc warriors
  4 sky beasts
  4 phantoms
  2 eyes of draining
  7 wolves
  14 ogres
  20 centaurs
  A big kobold (D:11)
  8 bullfrogs
  A wyvern skeleton (D:14)
  An oklob sapling (D:12)
  4 scorpions
  5 wights (D:15)
  A howler monkey (D:12)
  3 bullfrog zombies
  A lava snake (D:14)
  2 quasits
  4 hounds
  A bullfrog skeleton (D:12)
  16 orc priests
  4 jellies
  3 centaur skeletons
  2 gnoll shamans
  7 iguanas
  Ijyb (D:3)
  Terence (D:2)
  22 orc wizards
  13 worker ants
  A killer bee zombie (D:9)
  3 hound zombies
  A hound skeleton (D:11)
  5 worker ant zombies
  A howler monkey skeleton (D:9)
  14 gnolls
  18 adders
  3 shadow imps
  4 white imps
  3 ufetubi
  2 oozes
  An adder zombie (D:8)
  An adder skeleton (D:5)
  A worm (D:2)
  7 leopard geckos
  91 orcs
  8 ball pythons
  8 bats
  3 giant cockroaches
  14 goblins
  7 hobgoblins
  12 jackals
  7 quokkas
  A ball python skeleton (D:6)
  7 frilled lizards
  A giant cockroach zombie (D:5)
  9 kobolds
  2 quokka skeletons
  8 rats
547 creatures vanquished.

Vanquished Creatures (others)
  A polar bear (IceCv)
  4 yaks (IceCv)
  5 wolves (IceCv)
  A centaur (D:13)
  A bush (D:12)
  6 fungi (D:4)
  12 plants
30 creatures vanquished.

Grand Total: 577 creatures vanquished

Notes
Turn   | Place    | Note
-------+----------+-------------------------------------------
     0 | D:1      | PentaManta the Vine Stalker Monk began the quest for the
                  | Orb.
     0 | D:1      | Reached XP level 1. HP: 11/11 MP: 2/2
   122 | D:1      | Reached XP level 2. HP: 12/16 MP: 1/3
   666 | D:1      | Reached XP level 3. HP: 19/19 MP: 4/4
  1204 | D:2      | Noticed Terence
  1270 | D:2      | Found a snail-covered altar of Cheibriados.
  1270 | D:2      | Noticed a torpor snail
  1761 | D:2      | Killed Terence
  1762 | D:2      | Reached skill level 4 in Unarmed Combat
  1762 | D:2      | Gained mutation: Your natural rate of healing is unusually
                  | fast. [Vine Stalker growth]
  1762 | D:2      | Reached XP level 4. HP: 12/23 MP: 3/5
  1797 | D:2      | Found a bloodstained altar of Trog.
  2332 | D:3      | Noticed Grinder
  2383 | D:3      | Paralysed by Grinder for 2 turns
  2450 | D:3      | Paralysed by Grinder for 5 turns
  2494 | D:3      | Found a white marble altar of Elyvilon.
  2495 | D:3      | Noticed Ijyb
  2573 | D:3      | Killed Ijyb
  2574 | D:3      | Reached skill level 5 in Stealth
  2574 | D:3      | Reached XP level 5. HP: 22/27 MP: 4/6
  2635 | D:3      | Killed Grinder
  2636 | D:3      | Reached skill level 5 in Unarmed Combat
  2636 | D:3      | Reached XP level 6. HP: 13/32 MP: 4/7
  3048 | D:4      | Noticed a phantom
  3049 | D:4      | Found a hide-covered altar of Uskayaw.
  3068 | D:4      | Noticed Eustachio
  3116 | D:3      | Killed a phantom
  3117 | D:3      | Reached skill level 6 in Unarmed Combat
  3117 | D:3      | Reached XP level 7. HP: 29/35 MP: 8/8
  3164 | D:3      | Killed Eustachio
  3346 | D:4      | Found Jeropan's Distillery.
  3403 | D:5      | Entered Level 5 of the Dungeon
  3543 | D:4      | Reached skill level 7 in Unarmed Combat
  3586 | D:4      | Found a blossoming altar of Fedhas.
  3631 | D:4      | Found Momm's Gadget Boutique.
  3649 | D:4      | Found Fisat's Antique Weapon Shoppe.
  3803 | D:5      | Gained mutation: You have razor-sharp teeth. [Vine Stalker
                  | growth]
  3803 | D:5      | Reached XP level 8. HP: 38/39 MP: 9/9
  3970 | D:5      | Found a sacrificial altar of Ru.
  4067 | D:5      | Identified Jofilul's Volume of the Ancient Olives
  4265 | D:5      | Reached skill level 8 in Unarmed Combat
  4712 | D:6      | Noticed a two-headed ogre
  5257 | D:7      | Reached skill level 9 in Unarmed Combat
  5457 | D:7      | Found a staircase to the Ecumenical Temple.
  5464 | Temple   | Entered the Ecumenical Temple
  5611 | Temple   | Became a worshipper of Dithmenos the Shadowed
  5611 | Temple   | Reached * piety under Dithmenos
  5611 | Temple   | Reached ** piety under Dithmenos
  5643 | D:7      | Reached XP level 9. HP: 43/43 MP: 10/10
  6056 | D:8      | Found a staircase to the Lair.
  6176 | D:8      | Reached skill level 10 in Unarmed Combat
  6495 | D:8      | Found a stormy altar of Qazlal.
  6676 | D:9      | Noticed Prince Ribbit
  6698 | D:9      | Reached skill level 1 in Armour
  6749 | D:10     | Entered Level 10 of the Dungeon
  6758 | D:10     | Reached skill level 11 in Unarmed Combat
  6814 | D:9      | Killed Prince Ribbit
  6835 | D:9      | Found a flagged portal.
  6843 | Bailey   | Entered a bailey
  6946 | Bailey   | Reached *** piety under Dithmenos
  7013 | Bailey   | Noticed an orc knight
  7172 | Bailey   | Got shimmering steam dragon scales
  7281 | Bailey   | Identified the +3 steam dragon scales of Okawaru's Delight
                  | {rPois MR+++ Int-2 Slay-2} (You found it in a bailey)
  7301 | Bailey   | Reached XP level 10. HP: 22/49 MP: 4/11
  7362 | Bailey   | HP: 1/49 [orc knight/+0 halberd (19)]
  7519 | D:9      | Noticed Grum
  7536 | D:9      | Reached skill level 1 in Shields
  7913 | D:9      | Reached **** piety under Dithmenos
  7925 | D:9      | Killed Grum
  8242 | D:9      | Noticed Erolcha
  8248 | D:9      | Found a staircase to the Orcish Mines.
  8254 | D:9      | Killed Erolcha
  8516 | D:9      | Reached skill level 12 in Unarmed Combat
  8573 | D:9      | Found an iron altar of Okawaru.
  8631 | D:9      | Reached XP level 11. HP: 54/54 MP: 12/12
  8933 | D:10     | Found Aniy's Book Shoppe.
  8945 | D:10     | Reached skill level 5 in Fighting
  9930 | D:11     | Reached skill level 5 in Shields
 10007 | D:11     | Found a frozen archway.
 10041 | IceCv    | Entered an ice cave
 10067 | IceCv    | Reached ***** piety under Dithmenos
 12672 | D:11     | Reached skill level 5 in Dodging
 13087 | D:11     | Noticed a vault guard
 13271 | D:11     | Found a portal to a secret trove of treasure.
 13390 | D:13     | Noticed a cyclops
 13410 | D:13     | Killed a cyclops
 13495 | D:12     | Noticed a cyclops
 13507 | D:12     | Killed a cyclops
 13592 | D:12     | Noticed a two-headed ogre
 13607 | D:12     | Killed a two-headed ogre
 13614 | D:12     | Gained mutation: You heal very quickly. [Vine Stalker
                  | growth]
 13614 | D:12     | Reached XP level 12. HP: 55/61 MP: 13/13
 13679 | D:12     | Noticed a four-headed hydra
 13688 | D:12     | Killed a four-headed hydra
 13720 | D:13     | Reached skill level 13 in Unarmed Combat
 14015 | D:12     | Noticed Nergalle
 14031 | D:12     | Killed Nergalle
 14056 | D:12     | Reached skill level 5 in Armour
 14185 | D:12     | Paralysed by a hornet for 3 turns
 14882 | D:13     | Noticed a centaur warrior
 14899 | D:13     | Killed a centaur warrior
 15150 | D:13     | Noticed an eight-headed hydra
 15161 | D:13     | Killed an eight-headed hydra
 15485 | D:13     | Noticed a boulder beetle
 15498 | D:13     | Killed a boulder beetle
 15508 | D:13     | Noticed a vault guard
 15508 | D:13     | Noticed a vault guard
 15534 | D:13     | Reached XP level 13. HP: 64/67 MP: 14/14
 15542 | D:13     | Noticed an ogre mage
 15582 | D:13     | Noticed a vault guard
 15615 | D:13     | Killed a vault guard
 15670 | D:13     | Killed an ogre mage
 15708 | D:13     | Killed a vault guard
 15709 | D:13     | Reached skill level 14 in Unarmed Combat
 15742 | D:13     | Killed a vault guard
 15763 | D:13     | Found a gate to the Vaults.
 15763 | D:13     | Noticed a vault guard
 15763 | D:13     | Noticed a vault guard
 15789 | D:13     | Killed a vault guard
 15803 | D:13     | Killed a vault guard
 16242 | D:14     | Reached ****** piety under Dithmenos
 16838 | D:15     | Entered Level 15 of the Dungeon
 17090 | D:15     | Found a staircase to the Depths.
 17090 | D:15     | Noticed a fire giant
 17125 | D:15     | Found Erif's Gadget Boutique.
 17141 | D:15     | Reached XP level 14. HP: 59/72 MP: 13/15
 17289 | D:15     | Reached skill level 10 in Shields
 17328 | D:15     | Found a runed translucent gate.
 17328 | D:15     | Found a runed translucent gate.
 17330 | D:15     | Found a runed translucent gate.
 17333 | D:15     | Noticed RamboRex's ghost (journeyman MiBe)
 17481 | D:15     | Found a stormy altar of Qazlal.
 17490 | D:15     | Noticed Agnes
 17507 | D:15     | Killed Agnes
 17723 | D:11     | Reached skill level 15 in Unarmed Combat
 17902 | D:6      | Found an opulent altar of Gozag.
 17903 | D:6      | Found a glowing silver altar of Zin.
 18137 | Orc:1    | Entered Level 1 of the Orcish Mines
 18182 | Orc:1    | Found a bloodstained altar of Trog.
 18183 | Orc:1    | Found the cursed necklace of Bloodlust {*Rage +Rage MR++
                  | Int-3 Slay+6 *Curse}
 18537 | Orc:1    | Found a transporter.
 18969 | Orc:2    | Entered Level 2 of the Orcish Mines
 19231 | Orc:2    | Killed from afar by an ogre mage

Illustrated notes

Levels and vault maps discovered:
D:1:      minmay_arrival_diagonal_passages, layout_loops_ring,
          minmay_box_of_dots
D:2:      layout_basic, old_standard_altar, cheibriados_altar_2, dk_vineyard_2,
          minmay_stone_trees_large, minmay_tetromino_t4, uniq_terence
D:3:      layout_rooms, elyvilon_altar_3, uniq_grinder, uniq_ijyb
D:4:      layout_rooms, fedhas_altar_3, eat_drink_and_be_merry_uskayaw,
          serial_shops, nicolae_shop_competitors_out_of_business,
          kennysheep_little_box, kennysheep_mini_moat, grunt_ministairs_14,
          uniq_eustachio
D:5:      minmay_recursive_quarters, layout_rooms,
          nicolae_ru_great_annihilating_truth
D:6:      layout_loops_ring, grunt_temple_overflow_gold_and_silver
D:7:      layout_loops_ring, minmay_temple_entry_wispy
D:8:      layout_rooms, nicolae_qazlal_style_of_elements, lair_entry_dummy
D:9:      layout_stronghold, marbit_many_paths, david_orc_1_choice,
          enter_bailey_3, uniq_grum, uniq_erolcha, uniq_prince_ribbit1
D:10:     layout_stronghold, serial_shops, shop_statue
D:11:     layout_roguey, enter_trove_5, portal_ice_cave_rime
D:12:     layout_irregular_city, introduction_to_nature_2, uniq_nergalle
D:13:     layout_stronghold, grunt_vaults_entry_fortified, serial_column_ruins,
          column_ruins_hut_water, column_ruins_grid_3, column_ruins_open_medium,
          column_ruins_grid_2, column_ruins_open_small,
          column_ruins_open_small_water
D:14:     minmay_wizard_corner, layout_cave_pools, nicolae_benzene_ring,
          kennysheep_flooded_box
D:15:     grunt_enter_depths_giant_problem, layout_cave_pods,
          gammafunk_ghost_spectres, serial_shops, shop, basic_altar,
          minmay_fountain_box, uniq_agnes
Temple:   chequers_temple_sunken
Orc:1:    emtedronai_trogs_sanctum, layout_diamond_mine
Orc:2:    st_orc_open, layout_caves

Skill      XL: |  1  2  3  4  5  6  7  8  9 10 11 12 13 14 |
---------------+-------------------------------------------+-----
Stealth        | 3 4 5 6 7 9 |  9.4
Unarmed Combat | 4 5 6 7 9 11 12 13 14 15 | 15.2
Fighting       | 3 4 6 7 8 |  8.5
Armour         | 2 3 4 5 6 7 |  7.2
Dodging        | 3 4 5 6 7 |  7.7
Shields        | 4 6 8 9 10 | 10.6

Action                   |  1- 3 |  4- 6 |  7- 9 | 10-12 | 13-15 || total
-------------------------+-------+-------+-------+-------+-------++-------
Melee: Unarmed           |   143 |   189 |   494 |   864 |   688 ||  2378
       Bite              |    35 |    46 |   168 |   348 |   293 ||   890
       Punch             |     4 |     1 |    19 |       |       ||    24
       Dagger            |       |       |       |     4 |     1 ||     5
Throw: Dart              |       |       |     1 |     4 |     6 ||    11
Invok: Shadow Step       |       |       |       |     1 |       ||     1
Evoke: Wand              |       |       |       |     1 |       ||     1
  Use: Scroll            |     5 |     1 |    18 |     4 |     2 ||    30
       Potion            |       |       |     2 |     2 |       ||     4
 Stab: Sleeping          |     3 |     2 |    18 |    28 |    16 ||    67
       Paralysed         |       |       |     1 |       |       ||     1
       Invisible         |       |       |     4 |       |       ||     4
       Distracted        |       |       |       |     2 |       ||     2
Armor: Robe              |    28 |       |       |       |       ||    28
       Ring mail         |     5 |    55 |   180 |   181 |   158 ||   579
       Leather armour    |     3 |       |       |       |       ||     3
       Scale mail        |       |     7 |       |       |       ||     7
       Steam dragon scal |       |       |       |    29 |       ||    29
Dodge: Dodged            |    97 |    77 |   376 |   668 |   526 ||  1744
Block: Kite shield       |       |       |     1 |   531 |   476 ||  1008

Table legend: (Time is in decaauts)
 A = Elapsed time spent in this place.
 B = Non-inter-level travel time spent in this place.
 C = Inter-level travel time spent in this place.
 D = Time resting spent in this place.
 E = Time spent auto-exploring this place.
 F = Levels seen in this place.
 G = Mean time per level.
                   A        B        C        D        E       F      G
               +--------+--------+--------+--------+--------+-----+--------+
         Total |  18909 |  18068 |    841 |   3460 |   8587 |  20 |  945.5 |
       Dungeon |  14432 |  13754 |    678 |    783 |   7915 |  15 |  962.1 |
        Temple |    216 |    195 |     21 |      0 |    168 |   1 |  216.0 |
  Orcish Mines |   1044 |    903 |    141 |      6 |    491 |   2 |  522.0 |
        Bailey |    607 |    607 |      0 |    155 |     13 |   1 |  607.0 |
      Ice Cave |   2608 |   2608 |      0 |   2516 |      0 |   1 | 2608.0 |
               +--------+--------+--------+--------+--------+-----+--------+

Top non-repeatable levels by time:
   IceCv: 2608 daAuts
    D:10: 1477 daAuts
    D:12: 1393 daAuts
     D:9: 1232 daAuts
    D:13: 1210 daAuts
     D:1: 1206 daAuts
     D:2: 1202 daAuts
     D:6: 1010 daAuts
   Orc:1: 990 daAuts
    D:11: 951 daAuts
    D:14: 918 daAuts
     D:3: 698 daAuts
     D:7: 683 daAuts
     D:4: 644 daAuts
    D:15: 631 daAuts
